 Dungeon Crawl Stone Soup version 0.24.0-123-gd5b16e6ec5 (webtiles) character file.

Game seed: 15143337297636806616, levelgen mode: deterministic

219 FishyPogo the Chopper (level 5, 0/94 HPs)
             Began as a Demonspawn Gladiator on Dec 19, 2019.
             Succumbed to a killer bee's poison
             ... on level 4 of the Dungeon.
             The game lasted 00:05:13 (2313 turns).

FishyPogo the Chopper (Demonspawn Gladiator)        Turns: 2313, Time: 00:05:14

Health: 0/94       AC: 22    Str: 20    XL:     5   Next: 64%
Magic:  5/5        EV:  2    Int:  9    God:
Gold:   120        SH:  0    Dex: 15    Spells: 4/4 levels left

rFire    . . .     SeeInvis .   o - +0 hand axe (freeze)
rCold    . . .     Gourm    .   (no shield)
rNeg     + + +     Faith    .   (armour currently unavailable)
rPois    +         Spirit   .   (helmet currently unavailable)
rElec    .         Reflect  .   (cloak currently unavailable)
rCorr    .         Harm     .   (gloves currently unavailable)
MR       .....     NoTele   +   (boots currently unavailable)
Stlth    ..........             (no amulet)
HPRegen  0.25/turn              (no ring)
MPRegen  0.09/turn              (no ring)

@: berserking, lethally poisoned (0 -> -9), tree-form, drained, very quick
A: no striking features
a: no special abilities


You were on level 4 of the Dungeon.
You were hungry.
You were a tree.
You visited 1 branch of the dungeon, and saw 4 of its levels.

You collected 120 gold pieces.

Inventory:

Hand Weapons
 o - a +0 hand axe of freezing (weapon)
Missiles
 d - 3 throwing nets (quivered)
 i - 148 stones
 q - 10 poisoned darts
Armour
 s - a +2 helmet (melded)
 t - a +2 pair of boots (melded)
 v - a +1 ring mail of fire resistance (melded)
Scrolls
 e - 5 scrolls of identify {unknown}
 h - 7 scrolls of remove curse {unknown}
 l - 2 scrolls of immolation {unknown}
 n - 4 scrolls of random uselessness {unknown}
 r - a scroll of teleportation {unknown}
Potions
 b - a potion of cancellation {unknown}
 c - a potion of invisibility {unknown}
 g - a potion of agility {unknown}
 k - a potion of lignification
 m - 2 potions of degeneration {unknown}
 p - a potion of curing {unknown}
 u - a potion of brilliance {unknown}
Comestibles
 f - 7 rations


   Skills:
 * Level 3.9(2.9) Fighting
 + Level 3.9(2.9) Axes
 - Level 2.1(1.1) Throwing
 * Level 1.1(0.2) Armour
 + Level 3.4(2.4) Dodging


You had 4 spell levels left.
You didn't know any spells.
Your spell library was empty.

Dungeon Overview and Level Annotations

Branches:
Dungeon (4/15)
 Temple: D:4-7

Altars:
Trog


Innate Abilities, Weirdness & Mutations

((You have sharp toenails.))
((You are partially covered in iridescent scales. (AC +2)))


Message History

The killer bee barely misses you.
The killer bee stings you but does no damage.
You hit the killer bee. You freeze the killer bee.
The killer bee is heavily wounded.
You closely miss the killer bee.
The killer bee stings you but does no damage. x3
Unknown command.
You closely miss the killer bee.
The killer bee is heavily wounded.
You miss the killer bee.
* * * LOW HITPOINT WARNING * * *
You feel sick. The killer bee stings you.
* * * LOW HITPOINT WARNING * * *
The killer bee stings you but does no damage.
The killer bee stings you.
* * * LOW HITPOINT WARNING * * *
You miss the killer bee.
The killer bee is heavily wounded.
You miss the killer bee.
You die...

...##........
#..#........#
#...........
...........
..........
.........#
#.....)#
#....♣)#
##...yy...>#
.......##......
.....#$ ....##
..####. #..# .
.. ..# ## ...
..


You could see 2 killer bees.

Vanquished Creatures
  A bullfrog zombie (D:3)
  An orc priest (D:4)
  Jessica (D:2)
  Robin (D:2)
  4 adders
  3 worms
  3 dart slugs
  5 orcs
  2 giant cockroaches
  11 goblins
  7 hobgoblins
  4 jackals (D:2)
  3 quokkas
  A ball python (D:3)
  7 bats
  2 frilled lizards
  7 kobolds
  8 rats
71 creatures vanquished.

Notes
Turn   | Place    | Note
-------+----------+-------------------------------------------
     0 | D:1      | FishyPogo the Demonspawn Gladiator began the quest for the
                  | Orb.
     0 | D:1      | Reached XP level 1. HP: 16/16 MP: 1/1
   482 | D:1      | Gained mutation: You are partially covered in iridescent
                  | scales. (AC +2) [demonic ancestry]
   482 | D:1      | Reached XP level 2. HP: 22/22 MP: 2/2
   731 | D:2      | Noticed Jessica
   739 | D:2      | Killed Jessica
   739 | D:2      | Reached XP level 3. HP: 23/28 MP: 3/3
   817 | D:2      | Noticed Robin
   844 | D:2      | Killed Robin
   844 | D:2      | Reached XP level 4. HP: 9/35 MP: 4/4
  1417 | D:2      | Found a bloodstained altar of Trog.
  1844 | D:3      | Gained mutation: You have sharp toenails. [demonic
                  | ancestry]
  1844 | D:3      | Reached XP level 5. HP: 28/41 MP: 5/5
  2309 | D:4      | Reached skill level 1 in Armour
  2312 | D:4      | HP: 3/94 [killer bee (5)]
  2312 | D:4      | HP: 1/94 [killer bee (2)]
  2313 | D:4      | Succumbed to a killer bee's poison

Levels and vault maps discovered:
D:1:      tarquinn_simple_flora_water_a, layout_basic
D:2:      layout_rooms, old_standard_altar, first_ration, uniq_jessica,
          uniq_robin
D:3:      layout_loops_ring
D:4:      layout_cave_pools, gammafunk_temple_overflow_forgotten,
          nicolae_qazlal_general_emergency, uniq_pikel

Skill      XL: |  1  2  3  4  5 |
---------------+----------------+-----
Axes           | 3 |  3.9
Throwing       | 2 |  2.1
Dodging        | 3 |  3.4
Fighting       | 3 |  3.9
Armour         | 1 |  1.1

Action                   |  1- 3 |  4- 6 || total
-------------------------+-------+-------++-------
Melee: War axe           |    16 |       ||    16
       Hand axe          |    50 |   114 ||   164
  Use: Potion            |       |     2 ||     2
 Stab: Sleeping          |     1 |     1 ||     2
  Eat: Chunk             |       |     4 ||     4
Armor: Leather armour    |    15 |    32 ||    47
       Ring mail         |       |    27 ||    27
       Skin              |       |    21 ||    21
Dodge: Dodged            |    50 |   101 ||   151
